 Dungeon Sprint DCSS version 0.29-a0-297-g7659ce593d (webtiles) character file.

Game seed: 9745984381483861905

4200000 namelastname112 the Formicid Barricade (level 25, -9/234 HPs)
             Began as a Formicid Fighter on Mar 21, 2022.
             Was the Champion of Makhleb.
             Mangled by The Servant
             ... wielding a +9 glaive of flaming
              (17 damage)
             ... in the Dungeon (Sprint VIII: "Arena of Blood").
             The game lasted 00:00:52 (42 turns).

namelastname112 the Formicid Barricade (FoFi)         Turns: 42, Time: 00:00:52

Health: -9/234     AC: 13    Str: 25    XL:     25   Next: 49%
Magic:  21/44      EV: 19    Int: 10    God:    Makhleb [******]
Gold:   0          SH: 11    Dex: 16    Spells: 59/59 levels left

rFire   . . .      SeeInvis +   h - +∞ Axe of Woe
rCold   . . .      Faith    .   c - +0 buckler
rNeg    . . .      Spirit   .   b - +0 scale mail
rPois   .          Reflect  .   (helmet unavailable)
rElec   .          Harm     .   (no cloak)
rCorr   .          Rampage  .   (no gloves)
Will    ++...                   (no boots)
Stlth   +++++++...              (no amulet)
HPRegen 0.49/turn               (no ring)
MPRegen 0.29/turn               (no ring)

@: no status effects
A: permanent stasis, dig shafts and tunnels, antennae 3, four strong arms
a: Dig, Renounce Religion, Minor Destruction, Lesser Servant of Makhleb, Major
Destruction, Greater Servant of Makhleb


You were in the Dungeon.
You worshipped Makhleb.
Makhleb was exalted by your worship.
You visited 1 branch

Inventory:

Hand Weapons
 a - a +0 war axe
 h - the +∞ Axe of Woe (weapon)
   (You found it in the Dungeon)
Armour
 b - a +0 scale mail (worn)
 c - a +0 buckler (worn)
Potions
 d - a potion of might
 e - a potion of curing
 f - a potion of heal wounds
 g - 2 potions of magic


   Skills:
 O Level 27 Fighting
 + Level 17.9(20.1) Short Blades
 + Level 15.6(19.0) Long Blades
 O Level 27 Axes
 + Level 15.7(24.7) Maces & Flails
 + Level 15.6(24.6) Polearms
 + Level 15.6(20.5) Staves
 + Level 19.3(22.4) Slings
 + Level 15.2 Bows
 + Level 17.9 Crossbows
 + Level 17.9(20.8) Throwing
 O Level 27 Armour
 + Level 16.5 Dodging
 + Level 22.5 Stealth
 O Level 27 Shields
 + Level 17.9 Unarmed Combat
 + Level 17.9 Spellcasting
 + Level 16.5 Conjurations
 + Level 20.9 Hexes
 + Level 17.9 Summonings
 + Level 17.9 Necromancy
 + Level 16.5 Translocations
 + Level 19.3 Transmutations
 + Level 17.9 Fire Magic
 + Level 17.9 Ice Magic
 + Level 15.2 Air Magic
 + Level 20.9 Earth Magic
 + Level 22.5 Poison Magic
 + Level 20.9 Invocations
 + Level 19.3 Evocations


You had 59 spell levels left.
You didn't know any spells.
Your spell library was empty.

Dungeon Overview and Level Annotations

Branches:
Dungeon (1/1)

Altars:
Makhleb

Annotations:
D The Servant


Innate Abilities, Weirdness & Mutations

You cannot be hasted, slowed, berserked, paralysed or teleported.
You can dig through walls and to a lower floor.
You have a pair of large antennae on your head. (SInv)
Your four strong arms can wield two-handed weapons with a shield.


Message History

Your Transmutations skill increases to level 19!!!
Your Air Magic skill increases to level 15!!!
Your Poison Magic skill increases to level 22!!!
Your Evocations skill increases to level 19!!!
You have reached level 25!!!
You regained 18 hp, and now have 217/234 hp!
You slice the sculptor of flesh like a ripe choko!!!!!!
You dissect the sculptor of flesh like a pig carcass!
You destroy the sculptor of flesh!!!
Makhleb roars: ANNIHILATED!
You feel better!
You carve the bag of meat like a ham!!!!!!
You chop the bag of meat into pieces!
You annihilate the bag of meat!!!
Makhleb roars: ANNIHILATED!
You feel better!
You dice the large bag of meat like an onion!!!!!!
Flame seeps out of the large bag of meat!
You butcher the large bag of meat messily!
Makhleb roars: ANNIHILATED!
You carve the bag of meat like a ham!!!
You hew the bag of meat savagely!
You annihilate the bag of meat!!!
Makhleb roars: ANNIHILATED!
The large bag of meat explodes!!!
The fiery explosion engulfs you!!!!!!!!!
You are engulfed in blazing flames!
The eight-headed meat hydra is engulfed in blazing flames!
The eight-headed meat hydra calls on the powers of darkness!!!
The eight-headed meat hydra convulses!!!
The Servant convulses!!!
The bag of meat convulses!!!
Your body is wracked with pain!!!
The bag of meat convulses!!!
The meat berserker convulses!!!
The bag of meat convulses!!! x5
You hear a shout!!!
The bag of meat is engulfed in blazing flames!
A sculptor of flesh comes into view! It is wielding a +9 great sword!
The Servant is engulfed in blazing flames!
The Servant hits you from afar with a +9 glaive of flaming!!!!!!!!!!!! * * * don't die
* * * The Servant burns you!!! rip

......###............
....._...z.........
#.....#.......#.#. .
#_.<._#...........
....#...).#.))...#.#.#
......._.).)○§§.......
......###))){D@o..#.#.
o###.......###§°§.....
#......{#§§@o§.....
#......{#§§§Oo..o..
........oo§§§...o..
....O........#...#..
...○.......#..o.#{V
z.z..## ...o# ....#
...#o .... ###o..


You could see The Servant, an eight-headed meat hydra, a destroyer, 3 sculptors
of flesh, a meat berserker (berserk) and 11 bags of meat.

Vanquished Creatures
  4 vampire knights (D)
  19 ogres (D)
  7 two-headed ogres (D)
  38 orcs (D)
  2 skeletal warriors (D)
70 creatures vanquished.

Notes
Turn   | Place    | Note
-------+----------+-------------------------------------------
     0 | D        | Found the +∞ Axe of Woe
     0 | D        | namelastname112 the Formicid Fighter began the quest for
                  | the Orb.
     0 | D        | Reached XP level 1. HP: 18/18 MP: 1/1
     1 | D        | Noticed a meat berserker
     2 | D        | Noticed a bag of meat
     3 | D        | Noticed a bag of meat
     3 | D        | Noticed a bag of meat
     4 | D        | Became a worshipper of Makhleb the Destroyer
     4 | D        | Noticed a bag of meat
     4 | D        | Noticed a bag of meat
     5 | D        | Noticed a bag of meat
     5 | D        | Noticed a bag of meat
     6 | D        | Killed a meat berserker
     7 | D        | Reached skill level 10 in Axes
     7 | D        | Reached XP level 2. HP: 49/49 MP: 2/2
     7 | D        | Reached XP level 3. HP: 55/55 MP: 3/3
     7 | D        | Reached XP level 4. HP: 63/63 MP: 4/4
     7 | D        | Reached XP level 5. HP: 69/69 MP: 5/5
     7 | D        | Reached XP level 6. HP: 76/76 MP: 6/6
     7 | D        | Reached XP level 7. HP: 83/83 MP: 7/7
     7 | D        | Reached XP level 8. HP: 90/90 MP: 8/8
     7 | D        | Reached XP level 9. HP: 96/96 MP: 9/9
     7 | D        | Reached XP level 10. HP: 104/104 MP: 10/10
     7 | D        | Reached XP level 11. HP: 110/110 MP: 11/11
     7 | D        | Reached XP level 12. HP: 117/117 MP: 12/12
     7 | D        | Killed a bag of meat
     7 | D        | Reached * piety under Makhleb
     8 | D        | Reached XP level 13. HP: 127/127 MP: 13/13
     8 | D        | Killed a bag of meat
     9 | D        | Killed a bag of meat
     9 | D        | Killed a bag of meat
     9 | D        | Reached ** piety under Makhleb
     9 | D        | Killed a bag of meat
     9 | D        | Noticed a meat berserker
     9 | D        | Noticed a meat berserker
    10 | D        | Reached skill level 15 in Axes
    10 | D        | Reached XP level 14. HP: 144/144 MP: 14/14
    10 | D        | Noticed a meat berserker
    10 | D        | Noticed a bag of meat
    11 | D        | Noticed a bag of meat
    12 | D        | Killed a meat berserker
    12 | D        | Killed a bag of meat
    12 | D        | Reached *** piety under Makhleb
    12 | D        | Noticed a bag of meat
    12 | D        | Noticed a meat berserker
    12 | D        | Noticed a bag of meat
    13 | D        | Reached XP level 15. HP: 156/156 MP: 15/15
    13 | D        | Killed a meat berserker
    13 | D        | Noticed a meat berserker
    14 | D        | Reached skill level 27 in Fighting
    14 | D        | Reached skill level 27 in Shields
    14 | D        | Reached XP level 16. HP: 108/167 MP: 16/16
    14 | D        | Killed a meat berserker
    15 | D        | Reached skill level 27 in Armour
    15 | D        | Noticed a meat berserker
    15 | D        | Noticed a meat berserker
    15 | D        | Noticed a meat berserker
    16 | D        | Noticed a meat berserker
    17 | D        | Killed a meat berserker
    17 | D        | Reached **** piety under Makhleb
    18 | D        | Reached XP level 17. HP: 114/174 MP: 17/17
    19 | D        | Reached skill level 27 in Axes
    19 | D        | Noticed a meat berserker
    20 | D        | Killed a meat berserker
    20 | D        | Noticed a large bag of meat
    21 | D        | Reached skill level 5 in Stealth
    21 | D        | Reached skill level 5 in Hexes
    21 | D        | Reached skill level 5 in Earth Magic
    21 | D        | Reached skill level 5 in Poison Magic
    21 | D        | Reached skill level 5 in Invocations
    21 | D        | Killed a meat berserker
    21 | D        | Reached ***** piety under Makhleb
    21 | D        | Killed a meat berserker
    21 | D        | Killed a meat berserker
    21 | D        | Noticed a meat berserker
    22 | D        | Reached skill level 5 in Long Blades
    22 | D        | Reached skill level 5 in Maces & Flails
    22 | D        | Reached skill level 5 in Polearms
    22 | D        | Reached skill level 5 in Staves
    22 | D        | Reached skill level 5 in Bows
    22 | D        | Reached skill level 5 in Air Magic
    22 | D        | Reached XP level 18. HP: 182/182 MP: 17/28
    22 | D        | Noticed a large bag of meat
    23 | D        | Reached XP level 19. HP: 189/189 MP: 17/29
    23 | D        | Killed a meat berserker
    23 | D        | Noticed a destroyer
    24 | D        | Reached skill level 10 in Stealth
    24 | D        | Reached skill level 10 in Poison Magic
    24 | D        | Noticed a meat berserker
    24 | D        | Noticed a destroyer
    25 | D        | Reached skill level 10 in Hexes
    25 | D        | Reached skill level 10 in Earth Magic
    25 | D        | Reached skill level 10 in Invocations
    25 | D        | Reached ****** piety under Makhleb
    25 | D        | Killed a meat berserker
    25 | D        | Noticed a large bag of meat
    26 | D        | Reached skill level 10 in Short Blades
    26 | D        | Reached skill level 10 in Slings
    26 | D        | Reached skill level 10 in Crossbows
    26 | D        | Reached skill level 10 in Throwing
    26 | D        | Reached skill level 10 in Unarmed Combat
    26 | D        | Reached skill level 10 in Spellcasting
    26 | D        | Reached skill level 10 in Summonings
    26 | D        | Reached skill level 10 in Necromancy
    26 | D        | Reached skill level 10 in Transmutations
    26 | D        | Reached skill level 10 in Fire Magic
    26 | D        | Reached skill level 10 in Ice Magic
    26 | D        | Reached skill level 10 in Evocations
    26 | D        | Reached XP level 20. HP: 197/197 MP: 17/34
    27 | D        | Killed a destroyer
    27 | D        | Noticed an eight-headed meat hydra
    28 | D        | Noticed a meat berserker
    28 | D        | Noticed a meat berserker
    28 | D        | Noticed a large bag of meat
    28 | D        | Noticed a meat berserker
    28 | D        | Noticed a large bag of meat
    28 | D        | Noticed a destroyer
    28 | D        | Noticed a meat berserker
    29 | D        | Killed a meat berserker
    29 | D        | Noticed a meat berserker
    29 | D        | Noticed a large bag of meat
    30 | D        | Reached skill level 10 in Maces & Flails
    30 | D        | Reached skill level 10 in Dodging
    30 | D        | Reached skill level 10 in Conjurations
    30 | D        | Reached skill level 10 in Translocations
    30 | D        | Reached XP level 21. HP: 158/204 MP: 18/36
    30 | D        | Noticed The Servant
    30 | D        | Noticed a large bag of meat
    31 | D        | Reached skill level 10 in Long Blades
    31 | D        | Reached skill level 10 in Polearms
    31 | D        | Reached skill level 10 in Staves
    31 | D        | Reached skill level 10 in Bows
    31 | D        | Reached skill level 15 in Stealth
    31 | D        | Reached skill level 10 in Air Magic
    31 | D        | Reached skill level 15 in Poison Magic
    31 | D        | Killed a large bag of meat
    31 | D        | Killed a meat berserker
    32 | D        | Killed a destroyer
    32 | D        | Noticed a meat berserker
    33 | D        | Reached skill level 15 in Hexes
    33 | D        | Reached skill level 15 in Earth Magic
    33 | D        | Reached skill level 15 in Invocations
    33 | D        | Reached XP level 22. HP: 203/212 MP: 19/39
    33 | D        | Killed a meat berserker
    34 | D        | Killed a meat berserker
    34 | D        | Killed a meat berserker
    34 | D        | Killed a large bag of meat
    35 | D        | Reached skill level 15 in Slings
    35 | D        | Reached skill level 15 in Transmutations
    35 | D        | Reached skill level 15 in Evocations
    35 | D        | Noticed a destroyer
    35 | D        | Noticed a meat berserker
    36 | D        | Killed a meat berserker
    36 | D        | Killed a meat berserker
    37 | D        | Reached skill level 15 in Short Blades
    37 | D        | Reached skill level 15 in Crossbows
    37 | D        | Reached skill level 15 in Throwing
    37 | D        | Reached skill level 15 in Unarmed Combat
    37 | D        | Reached skill level 15 in Spellcasting
    37 | D        | Reached skill level 15 in Summonings
    37 | D        | Reached skill level 15 in Necromancy
    37 | D        | Reached skill level 15 in Fire Magic
    37 | D        | Reached skill level 15 in Ice Magic
    37 | D        | Reached XP level 23. HP: 219/219 MP: 20/42
    37 | D        | Killed a large bag of meat
    39 | D        | Reached XP level 24. HP: 202/227 MP: 20/42
    39 | D        | Killed a large bag of meat
    39 | D        | Killed a large bag of meat
    40 | D        | Reached skill level 15 in Dodging
    40 | D        | Reached skill level 15 in Conjurations
    40 | D        | Reached skill level 15 in Translocations
    40 | D        | Killed a large bag of meat
    40 | D        | Killed a destroyer
    41 | D        | Reached skill level 15 in Long Blades
    41 | D        | Reached skill level 15 in Maces & Flails
    41 | D        | Reached skill level 15 in Polearms
    41 | D        | Reached skill level 15 in Staves
    41 | D        | Killed a destroyer
    41 | D        | Noticed a destroyer
    42 | D        | Reached skill level 15 in Bows
    42 | D        | Reached skill level 15 in Air Magic
    42 | D        | Reached XP level 25. HP: 217/234 MP: 20/44
    42 | D        | Killed a large bag of meat
    42 | D        | HP: 8/234 [The Servant/+9 glaive of flaming (89)]
    42 | D        | Mangled by The Servant

Illustrated notes

Levels and vault maps discovered:
D:        meatsprint

Skill      XL: |  1  2  3  4  5  6  7  8  9 10 11 12 13 14 15 16 17 18 19 20 21 22 23 24 |
---------------+-------------------------------------------------------------------------+-----
Fighting       | 18 20 23 25 27 | 27.0
Axes           | 10 11 15 17 19 25 27 | 27.0
Armour         | 17 19 22 24 25 27 | 27.0
Shields        | 19 20 24 26 27 | 27.0
Short Blades   | 6 7 10 11 13 15 17 | 17.9
Long Blades    | 5 6 8 9 11 13 15 | 15.6
Maces & Flails | 5 6 8 10 11 13 15 | 15.7
Polearms       | 5 6 8 9 11 13 15 | 15.6
Staves         | 5 6 8 9 11 13 15 | 15.6
Slings         | 7 10 12 14 16 17 19 | 19.3
Bows           | 5 8 9 11 12 13 15 | 15.2
Crossbows      | 6 7 10 11 13 15 17 | 17.9
Throwing       | 6 7 10 11 13 15 17 | 17.9
Dodging        | 6 9 10 12 13 14 16 | 16.5
Stealth        | 9 12 14 16 19 20 22 | 22.5
Unarmed Combat | 6 7 10 11 13 15 17 | 17.9
Spellcasting   | 6 7 10 11 13 15 17 | 17.9
Conjurations   | 6 9 10 12 13 14 16 | 16.5
Hexes          | 8 11 13 15 17 18 20 | 20.9
Summonings     | 6 7 10 11 13 15 17 | 17.9
Necromancy     | 6 7 10 11 13 15 17 | 17.9
Translocations | 6 9 10 12 13 14 16 | 16.5
Transmutations | 7 10 12 14 16 17 19 | 19.3
Fire Magic     | 6 7 10 11 13 15 17 | 17.9
Ice Magic      | 6 7 10 11 13 15 17 | 17.9
Air Magic      | 5 8 9 11 12 13 15 | 15.2
Earth Magic    | 8 11 13 15 17 18 20 | 20.9
Poison Magic   | 9 12 14 16 19 20 22 | 22.5
Invocations    | 8 11 13 15 17 18 20 | 20.9
Evocations     | 7 10 12 14 16 17 19 | 19.3

Action                   |  1- 3 |  4- 6 |  7- 9 | 10-12 | 13-15 | 16-18 | 19-21 | 22-24 | 25-27 || total
-------------------------+-------+-------+-------+-------+-------+-------+-------+-------+-------++-------
Melee: Executioner's axe |     1 |       |       |     1 |     4 |     7 |     8 |     8 |     1 ||    30
Armor: Scale mail        |       |       |       |       |     1 |       |       |       |       ||     1
Dodge: Dodged            |       |       |       |       |       |     1 |       |       |       ||     1

Table legend: (Time is in decaauts)
 A = Elapsed time spent in this place.
 B = Non-inter-level travel time spent in this place.
 C = Inter-level travel time spent in this place.
 D = Time resting spent in this place.
 E = Time spent auto-exploring this place.
 F = Levels seen in this place.
 G = Mean time per level.
                   A        B        C        D        E       F      G
               +--------+--------+--------+--------+--------+-----+--------+
         Total |     37 |     37 |      0 |      0 |      0 |   1 |   37.0 |
       Dungeon |     37 |     37 |      0 |      0 |      0 |   1 |   37.0 |
               +--------+--------+--------+--------+--------+-----+--------+

Top non-repeatable levels by time:
       D: 37 daAuts
